 Dungeon Crawl Stone Soup version 0.20.1-1-g8b1a95d66d (webtiles) character file.

2755 Gargoyl the Agent of Entropy (level 9, 0/74 HPs)
             Began as a Centaur Abyssal Knight on Nov 24, 2017.
             Was a Priest of Lugonu.
             Slain by an orc warrior
             ... wielding a +0 spear
              (1 damage)
             ... in a bailey.
             The game lasted 00:17:52 (8852 turns).

Gargoyl the Agent of Entropy (CeAK)                 Turns: 8852, Time: 00:17:52

Health: 0/74       AC:  7    Str: 16    XL:     9   Next: 41%
Magic:  14/14      EV:  7    Int: 11    God:    Lugonu [***...]
Gold:   388        SH: 10    Dex: 11    Spells: 8/8 levels left

rFire    . . .     SeeInvis .   w - +0 war axe
rCold    + . .     Gourm    .   v - +2 shield
rNeg     + . .     Faith    .   f - +1 ring mail
rPois    .         Spirit   .   (helmet restricted)
rElec    .         Reflect  .   (no cloak)
rCorr    .         Harm     .   (no gloves)
MR       +....                  (no barding)
Stlth    ..........             (no amulet)
Regen    0.3/turn               i - ring of protection from cold
MPRegen  0.2/turn               m - ring of positive energy

@: very quick
A: hooves 3, horns 1, deformed body, speed 2, magic resistance 1, tough skin 3
a: Depart the Abyss, Bend Space, Banish, Renounce Religion


You were in a bailey.
You worshipped Lugonu.
Lugonu was most pleased with you.
You were not hungry.

You visited 1 branch of the dungeon, and saw 7 of its levels.
You visited the Abyss 1 time.
You also visited: Bailey.

You collected 388 gold pieces.

Inventory:

Hand Weapons
 a - a +1 hand axe
 w - a +0 war axe (weapon)
Missiles
 y - 5 tomahawks (quivered)
Armour
 f - a +1 ring mail (worn)
 v - a +2 shield (worn)
Jewellery
 i - a ring of protection from cold (left hand)
 m - a ring of positive energy (right hand)
Wands
 h - a wand of acid (0/15)
 k - a wand of polymorph (20/24)
Scrolls
 d - a scroll of magic mapping
 l - 2 scrolls of remove curse
 p - a scroll of teleportation
 s - 2 scrolls of amnesia
Potions
 e - 3 potions of curing
 g - a potion of might {unknown}
 j - a potion of cancellation
 n - a potion of flight {unknown}
 o - a potion of haste {unknown}
 u - a potion of brilliance
 z - a potion of heal wounds
Books
 x - a book of Debilitation

   Spells                             Type                      Level
   a - Corona                         Hexes                        1
   b - Slow                           Hexes                        2
   c - Inner Flame                    Hexes/Fire                   3
   d - Portal Projectile              Hexes/Translocation          3
   e - Cause Fear                     Hexes                        4
   f - Leda's Liquefaction            Hexes/Earth                  4
Comestibles
 b - 3 meat rations
 c - 6 bread rations


   Skills:
 + Level 5.3 Fighting
 + Level 6.1 Axes
 + Level 0.4 Throwing
 * Level 5.3 Armour
 + Level 2.9 Dodging
 + Level 2.2 Shields
 * Level 6.6 Invocations


You had 8 spell levels left.
You didn't know any spells.

Dungeon Overview and Level Annotations

Branches:
Dungeon (7/15)             Temple (0/1) D:5

Altars:
Cheibriados
Dithmenos
Hepliaklqana
Kikubaaqudgha
Okawaru
Qazlal
Trog
Xom
Yredelemnul


Innate Abilities, Weirdness & Mutations

You have hooves in place of feet.
Armour fits poorly on your strangely shaped body.
You cover ground very quickly.
You have extremely tough skin. (AC +3)
You have a pair of small horns on your head.
You are resistant to hostile enchantments. (MR+)


Message History

The orc warrior is lightly wounded.
The orc warrior hits you with a spear!
You hit the orc warrior but do no damage.
The orc warrior is lightly wounded.
You block the orc warrior's attack.
You closely miss the orc warrior.
You kick the orc warrior, but do no damage.
Your headbutt misses the orc warrior.
The orc warrior is lightly wounded.
The orc warrior hits you with a spear.
You closely miss the orc warrior. You kick the orc warrior.
The orc warrior is lightly wounded.
The orc warrior hits you with a spear!
* * * LOW HITPOINT WARNING * * *
The orc warrior hits you with a spear!!
* * * LOW HITPOINT WARNING * * *
You closely miss the orc warrior.
The orc warrior is lightly wounded.
The orc warrior hits you with a spear.
You die...

##.........##
##..≈≈≈≈≈≈≈..##
##..≈≈.....≈≈..##
##########..≈≈..###..≈≈..#
#..........≈≈..## ##..≈≈..
#.≈≈≈≈≈≈≈≈≈≈..##.∩.##).≈≈≈
#.≈....).....##.....##....
#.≈.#############+###'####
#.≈.##..o@.'#.§§§.....##..
#.≈..##...##..≈§§§§§≈..##.
#.≈≈..##.##..≈≈o....≈≈..##
##.≈≈..#+#..≈≈oo⌠⌠o.o≈≈..#
#∩.≈≈..# #..≈≈..)⌠...≈≈..#
#.≈≈).## ##..≈≈§.§..≈≈..##
#.≈))## ##..≈§≈≈≈≈≈..#'.
#.≈)##.$$$.##..§§.....##..
#.≈.#############'########


You could see 2 orc warriors.

Vanquished Creatures
  Menkaure (D:6)
  The ghost of NullDivider the Charlatan, an amateur OpAr of Nemelex Xobeh (D:4)
  An orc warrior (Bailey)
  3 sky beasts
  A black bear (D:6)
  An eye of draining (D:5)
  Purgy (D:3)
  The ghost of dengdeng the Covered, an amateur MiFi (D:3)
  2 ogres
  A phantom (D:7)
  2 centaurs
  A bullfrog (D:6)
  2 scorpions
  2 vampire bats (D:2)
  A howler monkey (D:6)
  A bullfrog zombie (D:5)
  4 crimson imps
  A jelly (D:5)
  A hound (D:6)
  2 orc priests (D:6)
  2 iguanas
  Ijyb (D:4)
  4 worker ants
  11 adders
  A shadow imp (D:5)
  An ooze (D:2)
  3 adder skeletons
  4 worms
  7 dart slugs
  5 leopard geckos
  12 orcs
  2 bat skeletons (D:2)
  4 bat zombies (D:2)
  8 giant cockroaches
  6 goblins
  3 hobgoblins
  12 jackals
  A quokka (D:4)
  3 ball pythons
  6 bats
  3 frilled lizards
  4 kobolds
  12 rats
145 creatures vanquished.

Vanquished Creatures (others)
  The ghost of Gargoyl the Chopper, a novice CeAK of Lugonu (Bailey)
  An orc warrior (Bailey)
  A crimson imp (D:6)
3 creatures vanquished.

Grand Total: 148 creatures vanquished

Notes
Turn   | Place    | Note
-------+----------+-------------------------------------------
     0 | Abyss:1  | Gargoyl the Centaur Abyssal Knight began the quest for the Orb.
     0 | Abyss:1  | Reached XP level 1. HP: 19/19 MP: 2/2
     0 | Abyss:1  | Found a corrupted altar of Lugonu.
     4 | Abyss:1  | Gained mutation: You have a pair of small horns on your head. [potion of mutation]
     4 | Abyss:1  | Gained mutation: You are robust. (+10% HP) [potion of mutation]
    63 | Abyss:1  | Noticed a large abomination
   146 | Abyss:2  | Noticed a thrashing horror
   150 | Abyss:2  | Noticed a thrashing horror
   151 | Abyss:2  | Noticed a large abomination
   152 | D:1      | Escaped the Abyss
   532 | D:1      | Reached * piety under Lugonu
   542 | D:1      | Reached XP level 2. HP: 18/28 MP: 3/3
  1193 | D:2      | Found a stormy altar of Qazlal.
  1218 | D:2      | Reached XP level 3. HP: 30/34 MP: 4/4
  1503 | D:2      | Found a shimmering altar of Xom.
  1507 | D:2      | Reached ** piety under Lugonu
  1538 | D:2      | Reached XP level 4. HP: 42/42 MP: 6/6
  1575 | D:2      | Found an ancient bone altar of Kikubaaqudgha.
  1619 | D:2      | Reached skill level 1 in Dodging
  1619 | D:2      | Reached XP level 5. HP: 40/50 MP: 7/7
  2045 | D:3      | Found a snail-covered altar of Cheibriados.
  2045 | D:3      | Found a faded altar of an unknown god.
  2050 | D:3      | Found a basalt altar of Yredelemnul.
  2053 | D:3      | Found a bloodstained altar of Trog.
  2054 | D:3      | Found a hazy altar of Hepliaklqana.
  2164 | D:3      | Noticed dengdeng's ghost (amateur MiFi)
  2591 | D:3      | Noticed Purgy
  2606 | D:3      | Killed Purgy
  2606 | D:3      | Reached XP level 6. HP: 38/57 MP: 8/8
  2844 | D:3      | Killed dengdeng's ghost
  2844 | D:3      | Reached *** piety under Lugonu
  3117 | D:4      | Noticed NullDivider's ghost (amateur OpAr)
  3240 | D:4      | Killed NullDivider's ghost
  3240 | D:4      | Reached XP level 7. HP: 54/64 MP: 10/10
  4247 | D:4      | Noticed Ijyb
  4275 | D:4      | Killed Ijyb
  4654 | D:5      | Entered Level 5 of the Dungeon
  5266 | D:5      | Reached skill level 1 in Shields
  5266 | D:5      | Reached XP level 8. HP: 66/72 MP: 4/11
  5291 | D:5      | Gained mutation: You are resistant to hostile enchantments. (MR+) [mutagenic meat]
  5292 | D:5      | Lost mutation: You are robust. (+10% HP) [mutagenic meat]
  5420 | D:5      | Reached skill level 5 in Invocations
  5510 | D:5      | Reached skill level 5 in Axes
  5812 | D:5      | Found a staircase to the Ecumenical Temple.
  6021 | D:6      | Noticed Menkaure
  6029 | D:6      | Killed Menkaure
  6497 | D:6      | Reached **** piety under Lugonu
  6739 | D:6      | HP: 2/67 [adder (2)]
  7397 | D:6      | Reached XP level 9. HP: 52/73 MP: 13/13
  7400 | D:6      | Reached skill level 5 in Armour
  7415 | D:6      | Reached skill level 5 in Fighting
  7674 | D:6      | Found an iron altar of Okawaru.
  8137 | D:7      | Found a shadowy altar of Dithmenos.
  8252 | D:7      | Found a flagged portal.
  8260 | Bailey   | Entered a bailey
  8387 | Bailey   | Noticed Gargoyl's ghost (novice CeAK)
  8401 | Bailey   | Banished Gargoyl's ghost
  8851 | Bailey   | HP: 1/74 [orc warrior/spear (21)]
  8852 | Bailey   | Slain by an orc warrior

Skill      XL: |  1  2  3  4  5  6  7  8  9 |
---------------+----------------------------+-----
Axes           | 2 3 4 5 6 |  6.1
Armour         | 2 3 4 5 |  5.3
Invocations    | 3 4 5 6 |  6.6
Dodging        | 1 2 |  2.9
Fighting       | 4 5 |  5.3
Shields        | 1 2 |  2.2
Throwing       | |  0.4

Action                   |  1- 3 |  4- 6 |  7- 9 || total
-------------------------+-------+-------+-------++-------
Melee: Hand axe          |    94 |   158 |    40 ||   292
       Kick              |     7 |    35 |    83 ||   125
       Headbutt          |     4 |    16 |    47 ||    67
       War axe           |       |       |   292 ||   292
Throw: Tomahawk          |       |       |     6 ||     6
Invok: Depart the Abyss  |     1 |       |       ||     1
       Bend Space        |       |       |     2 ||     2
       Banish            |       |       |     5 ||     5
Evoke: Wand              |       |       |     4 ||     4
  Use: Scroll            |     8 |     4 |     8 ||    20
       Potion            |     2 |       |     9 ||    11
  Eat: Chunk             |     1 |     5 |    11 ||    17
       Bread ration      |       |       |     1 ||     1
       Meat ration       |       |       |     1 ||     1
Armor: Ring mail         |    53 |   131 |   161 ||   345
       Leather armour    |     6 |       |       ||     6
Dodge: Dodged            |    42 |    82 |   118 ||   242
Block: Buckler           |     3 |    29 |     2 ||    34
       Shield            |       |       |   155 ||   155
